Map: Galactic Process LE

Players

Gracz

  • Race: Protoss Protoss
  • League: Silver

PossibilitY - Winner!

  • Race: Terran Terran

VOD

Have the link to the VOD?

Description

Time

  • Played on: Oct. 22, 2016, 9:09 a.m.
  • Length: 5:51
Show
View Real Time Build Order
Export as new Build Order

Gracz Protoss 

Build Orders:  

Get SALT Encoding   

  12  0:01  Probe (Chrono Boost)  
  13  0:11  Probe (Chrono Boost)  
  14  0:18  Pylon  
  14  0:30  Probe (Chrono Boost)  
  14  0:34  Assimilator  
  15  0:40  Probe (Chrono Boost)  
  16  0:47  Gateway  
  16  0:51  Probe (Chrono Boost)  
  17  1:02  Probe (Chrono Boost)  
  18  1:05  Assimilator  
  18  1:13  Probe (Chrono Boost)  
  19  1:23  Probe (Chrono Boost)  
  20  1:27  Pylon  
  20  1:33  Pylon  
  20  1:34  Probe (Chrono Boost)  
  21  1:41  Cybernetics Core  
  21  1:44  Probe (Chrono Boost)  
  22  2:07  Probe (Chrono Boost)  
  23  2:12  Gateway  
  23  2:16  Gateway  
  23  2:33  Stargate  
  23  2:35  Stargate, Warp Gate  
  23  3:11  Unknown, Nexus  
  23  3:15  Pylon  
  23  3:45  Assimilator  
  23  3:48  Assimilator  
  23  3:49  Pylon  
  23  3:55  Probe (Chrono Boost)  
  24  4:07  Probe (Chrono Boost)  
  25  4:11  Fleet Beacon  
  25  4:13  Stalker  
  26  4:23  Unknown  
  4  4:38  Probe (Chrono Boost)  
  4  5:03  Probe (Chrono Boost)  
  1  5:22  Probe (Chrono Boost)  
  2  5:32  Probe (Chrono Boost)  
Show
View Real Time Build Order
Export as new Build Order

PossibilitY Terran - Winner!

Build Orders: Banshee Rush 

Get SALT Encoding   

  12  0:01  SCV  
  13  0:14  SCV  
  14  0:18  Supply Depot  
  14  0:26  SCV  
  15  0:39  SCV  
  15  0:40  Barracks  
  16  0:47  Refinery  
  16  0:52  SCV  
  17  0:58  Supply Depot  
  17  1:04  SCV  
  18  1:16  SCV  
  19  1:27  Marine  
  19  1:28  Orbital Command  
  20  1:35  Barracks  
  20  1:45  Marine  
  21  1:55  Factory  
  21  1:57  SCV  
  22  2:09  SCV  
  22  2:13  Barracks Reactor  
  22  2:14  Supply Depot, Refinery  
  23  2:22  SCV  
  24  2:23  Marine  
  25  2:38  Supply Depot  
  25  2:46  Starport  
  25  2:50  Barracks Tech Lab  
  25  2:54  SCV  
  25  2:57  Hellion x2  
  30  3:01  Marine  
  31  3:15  SCV  
  31  3:19  Hellion x2, Barracks Tech Lab  
  36  3:30  Cloaking Field  
  36  3:31  Banshee  
  39  3:37  Marine  
  40  3:49  Marine  
  40  3:50  Factory Tech Lab  
  41  3:56  Supply Depot  
  41  3:59  Barracks  
  41  4:00  Marine  
  42  4:07  SCV  
  42  4:09  Marine  
  44  4:37  Marine  
  45  4:39  Medivac, Siege Tank  
  45  4:43  SCV  
  51  4:56  Unknown, Command Center  
  51  5:03  Marine x2, SCV  
  54  5:11  Siege Tank  
  54  5:13  Supply Depot  
  57  5:15  SCV  
  57  5:20  Marine  
  57  5:21  Marine  
  60  5:27  SCV  
  63  5:35  Supply Depot  
Tags
 
Add a new tag
Caveats
  • Supply blocks, unpowered buildings, or Contaminate may cause inaccurate times.
  • Supply counts are checked every 10 seconds.